 Dungeon Crawl Stone Soup version 0.30-a0-4-ga7cffc901d (webtiles) character file.

Game seed: 13447599773675070911

28878 freelancePsychic the Fighter (level 14, 0/124 HPs)
             Began as a Meteoran Wanderer on Aug 22, 2022.
             Was a High Priest of Fedhas.
             Slain by a hell knight
             ... wielding a +2 scimitar of flaming
              (1 damage)
             ... in a volcano.
             The game lasted 00:54:00 (6124 turns).

freelancePsychic the Fighter (Meteoran Wanderer)    Turns: 6124, Time: 00:54:01

Health: 0/124      AC: 15    Str: 13    XL:     14   Next: 12%
Magic:  21/27      EV: 10    Int: 16    God:    Fedhas [*****.]
Gold:   480        SH:  5    Dex: 18    Spells: 20/29 levels left

rFire   + . .      SeeInvis .    I - +8 dagger of the Shrinking Shark {spect, rElec rC++}
rCold   + + +      Faith    .    c - +0 buckler
rNeg    . . .      Spirit   .    D - +2 leather armour {rF+}
rPois   .          Reflect  .    v - +2 helmet
rElec   +          Harm     .    (no cloak)
rCorr   .          Rampage  .    O - +3 pair of gauntlets of War {Slay+5}
Will    ++...                    z - +1 pair of boots {Stlth+}
Stlth   +.........               H - amulet of magic regeneration
HPRegen 0.30/turn                s - ring of protection from cold
MPRegen 0.60/turn                F - ring of willpower

@: glowing, studying Fire Magic
A: sense surroundings 2, otherworldly, glowing, explore regen
a: Renounce Religion, Wall of Briars, Grow Ballistomycete, Overgrow, Grow Oklob


You were in a volcano.
You worshipped Fedhas.
Fedhas was extremely pleased with you.
You visited 3 branches of the dungeon, and saw 17 of its levels.
You also visited: Gauntlet and Volcano.

You collected 692 gold pieces.
You spent 212 gold pieces at shops.

Inventory:

Hand Weapons
 a - a +3 dagger of venom
 I - the +8 dagger of the Shrinking Shark (weapon) {spect, rElec rC++}
   (You found it on level 3 of the Lair of Beasts)

   When its wielder attacks, the weapon's spirit leaps out and strikes again.
   The spirit shares a part of any damage it takes with its wielder.
   rC:        It greatly protects you from cold.
   rElec:     It insulates you from electricity.
Missiles
 u - 20 poisoned darts (quivered)
 x - a throwing net
Armour
 c - a +0 buckler (worn)
 f - an orb of light
 n - the +6 scale mail of Sophism {Harm Regen+ Int+6}
   (You found it on level 5 of the Dungeon)

   Int:       It affects your intelligence (+6).
   Regen:     It increases your rate of health regeneration.
   Harm:      It increases damage dealt and taken.
 v - a +2 helmet (worn)
 z - a +1 pair of boots of stealth (worn)
 D - a +2 leather armour of fire resistance (worn)
 O - the +3 pair of gauntlets of War (worn) {Slay+5}
   (You found it in a Gauntlet)

   Slay:      It affects your accuracy & damage with ranged weapons and melee
   (+5).
Jewellery
 s - a ring of protection from cold (left hand)
 F - a ring of willpower (right hand)
 H - an amulet of magic regeneration (around neck)
 L - the amulet "Galuq" {Rampage rF- Regen+ MP+9 Int+2}
   (You found it in a Gauntlet)

   [amulet of regeneration]

   Int:       It affects your intelligence (+2).
   rF:        It makes you vulnerable to fire.
   MP:        It affects your magic capacity (+9).
   Regen:     It increases your rate of health regeneration.
   Rampage:   It bestows one free step when moving towards enemies.
Wands
 b - a wand of roots (6)
 e - a wand of flame (25)
 q - a wand of polymorph (7)
 y - a wand of paralysis (2)
 C - a wand of mindburst (8)
Scrolls
 d - 4 scrolls of fog
 h - 3 scrolls of fear
 k - 4 scrolls of poison
 p - 4 scrolls of immolation
 t - 3 scrolls of teleportation {@r4}
 B - 4 scrolls of enchant weapon
 G - 2 scrolls of magic mapping
 M - 3 scrolls of identify {@r1}
 N - a scroll of amnesia
Potions
 g - 2 potions of curing {@q1}
 i - 2 potions of ambrosia
 l - 5 potions of brilliance
 m - 2 potions of invisibility
 o - a potion of flight
 r - a potion of haste {@q3}
 w - a potion of attraction
 A - 3 potions of berserk rage
 E - 2 potions of magic {unknown}
 J - 3 potions of mutation {unknown}
Miscellaneous
 K - a tin of tremorstones (2/2)


   Skills:
 + Level 11.3 Fighting
 - Level 10.0 Short Blades
 - Level 2.4 Throwing
 - Level 7.2 Armour
 - Level 3.6 Shields
 + Level 8.4 Spellcasting
 - Level 6.5 Transmutations
 + Level 8.1 Fire Magic
 - Level 5.2 Air Magic
 - Level 11.0 Poison Magic
 + Level 10.4 Invocations
 - Level 1.2 Evocations


You had 20 spell levels left.
You knew the following spells:

 Your Spells              Type           Power      Damage    Failure   Level
b - Poisonous Vapours     Pois/Air       64%        N/A       1%          2
c - Ignite Poison         Fire/Tmut/Pois 34%        N/A       1%          3
d - Olgreb's Toxic Radia  Pois           42%        N/A       1%          4

Your spell library contained the following spells:

 Spells                   Type           Power      Damage    Failure   Level
 Beastly Appendage        Tmut           54%        N/A       1%          1
 Sting                    Tmut/Pois      100%       1d8       1%          1
 Scorch                   Fire           64%        2d8       1%          2
 Wereblood                Tmut           27%        N/A       1%          2
 Spider Form              Tmut/Pois      34%        N/A       1%          3
 Mephitic Cloud           Conj/Pois/Air  24%        N/A       5%          3
 Passwall                 Tmut/Erth      14%        N/A       7%          2
 Static Discharge         Conj/Air       15%        3-5/arc   9%          2
 Conjure Flame            Conj/Fire      19%        6-21      10%         3
 Summon Small Mammal      Summ           24%        N/A       17%         1
 Airstrike                Air            11%        2d(2-18)  21%         4
 Sublimation of Blood     Necr           6%         N/A       26%         2
 Sticky Flame             Conj/Fire      19%        2d4       32%         4
 Ice Form                 Ice/Tmut       17%        N/A       41%         4
 Call Canine Familiar     Summ           6%         N/A       45%         3
 Dazzling Flash           Conj/Hex       12%        N/A       45%         3
 Ozocubu's Armour         Ice            6%         N/A       45%         3
 Stone Arrow              Conj/Erth      12%        3d7       45%         3
 Summon Guardian Golem    Hex/Summ       6%         N/A       45%         3
 Summon Lightning Spire   Summ/Air       15%        N/A       50%         4
 Lightning Bolt           Conj/Air       7%         1d20      85%         5
 Animate Armour           Summ/Erth      12%        N/A       86%         4
 Iskenderun's Mystic Bla  Conj/Tloc      6%         2d4       86%         4
 Freezing Cloud           Conj/Ice/Air   6%         6-21      93%         5
 Lee's Rapid Deconstruct  Erth           3%         3d6*      99%         5
 Starburst                Conj/Fire      9%         6d5       99%         6
 Ignition                 Fire           16%        3d6       100%        8
 Lehudib's Crystal Spear  Conj/Erth      3%         10d2      100%        8
 Maxwell's Capacitive Co  Air            11%        ∞         100%        8
 Necromutation            Tmut/Necr      8%         N/A       100%        8


Dungeon Overview and Level Annotations

Branches:
Dungeon (11/15) Zot: 2205  Temple (1/1) D:4 Zot: 527    Lair (5/5) D:11 Zot: 1718
 Shoals (0/4) Lair:2        Snake (0/4) Lair:2        Slime (0/5) Lair:4
    Orc (0/2) D:10        Volcano (1/1) Zot: 518    Gauntlet (visited)

Altars:
Ashenzari
Dithmenos
Elyvilon
Fedhas
Gozag
Hepliaklqana
Kikubaaqudgha
Makhleb
Okawaru
Qazlal
Ru
Sif Muna
Uskayaw
Wu Jian
Xom
Yredelemnul
Zin
The Shining One

Shops:
D:1 [   D:7 !   D:9 *

Annotations:
D:10 3 runed translucent doors, Jeffwins's ghost, journeyman HuWn


Innate Abilities, Weirdness & Mutations

You passively map the area around you.
You are easily found by Zot.
You glow in the dark.
You regain HP and MP as you explore.


Message History

The air gets thick with the scent of sulphur.
The hell knight hits you with a +2 scimitar of flaming!!
* * * LOW HITPOINT WARNING * * *
The hell knight burns you.
* * * LOW HITPOINT WARNING * * *
You feel better.
Your toxic aura wanes.
The hell knight invokes the aid of its god against you.
The bolt of fire hits you! You resist.
* * * LOW HITPOINT WARNING * * *
You feel better.
The hell knight hits you with a +2 scimitar of flaming!
* * * LOW HITPOINT WARNING * * *
The hell knight burns you.
* * * LOW HITPOINT WARNING * * *
You feel better.
In the distance, the volcano erupts with a roar.
You are engulfed in blazing flames.
You resist.
* * * LOW HITPOINT WARNING * * *
The hell knight mumbles some strange prayers to its god.
The hell knight seems to speed up.
What are your orders? t - Shout!
Orders for allies: a - Attack new target. r - Retreat! s - Stop attacking. g - Guard the area. f - Follow me.
Anything else - Cancel.
Okay, then.
Okay, then.
You feel better.
You are engulfed in blazing flames.
You resist.
* * * LOW HITPOINT WARNING * * *
The hell knight hits you with a +2 scimitar of flaming!
* * * LOW HITPOINT WARNING * * *
The hell knight burns you.
* * * LOW HITPOINT WARNING * * *
The hell knight hits you with a +2 scimitar of flaming!
* * * LOW HITPOINT WARNING * * *
The hell knight burns you.
You die...
Fedhas appreciates your contribution to the ecosystem.

#≈≈≈≈$# ##≈≈
##≈≈![.## #).§
#§§§c..!# *#(§
#§§[∩.)#* #.. #≈§.##
##. ####.# #.. ##○##
##§ #p#######
#######§
#@○☼#...###...##.#
#☼○°○☼○°☼.....#.##
#○°○☼≈☼○○§≈§.§§.###
#○○.○≈○○≈○≈§≈≈§...#
#○☼○☼○≈○☼°○§≈≈§§....
#.○§≈§☼≈☼§°☼≈≈§≈....#
#..§§§§§§§≈§≈≈§§§....
....§≈≈§§§≈≈≈≈≈.....#
*,
......≈≈≈≈≈≈≈≈.......


You could see a hell knight (fast, very poisoned).

Vanquished Creatures
  A minotaur (Gauntlet)
  A fire dragon (D:11)
  A hydra (Lair:3)
  A boulder beetle (Lair:1)
  A centaur warrior (Volcano)
  A catoblepas (Gauntlet)
  2 death yaks (Lair:1)
  A two-headed ogre (D:11)
  A hell hog (Gauntlet)
  A lindwurm (Lair:4)
  A cyclops (D:10)
  Joseph (D:8)
  6 cane toads
  9 elephants
  3 black mambas
  2 torpor snails (Lair:1)
  3 komodo dragons
  2 unseen horrors
  2 rime drakes
  Psyche (D:10)
  4 trolls
  2 blink frogs (Lair:5)
  A dream sheep (Lair:4)
  A wyvern (Lair:1)
  2 basilisks
  26 yaks
  2 fire bats (Gauntlet)
  A wraith (D:11)
  3 vampire mosquitoes (D:11)
  A steam dragon (D:10)
  Grum (D:8)
  A naga (Lair:2)
  3 hell hounds
  8 water moccasins
  2 ice beasts
  A sky beast (D:6)
  A black bear (D:4)
  2 orc warriors (D:9)
  10 centaurs
  3 ogres
  17 wolves
  2 phantoms
  5 kobold brigands
  A necrophage (D:5)
  4 bullfrogs
  3 gnoll sergeants
  5 wights
  3 scorpions
  2 howler monkeys (D:10)
  A gnoll bouda (D:5)
  4 orc priests
  4 hounds
  Natasha (D:3)
  4 iguanas
  10 orc wizards
  4 hell rats (Lair:3)
  11 gnolls
  6 adders
  A white imp (D:7)
  2 worms (D:2)
  2 dart slugs
  56 orcs
  7 ball pythons
  8 bats
  4 endoplasms
  3 giant cockroaches
  6 hobgoblins
  3 jackals (D:2)
  34 kobolds
  A quokka (D:2)
  3 frilled lizards
  2 goblins
  2 rats (D:3)
  A ballistomycete spore (D:8)
338 creatures vanquished.

Vanquished Creatures (collateral kills)
  A wolf (Lair:4)
  A wight (D:8)
  23 ballistomycete spores
25 creatures vanquished.

Vanquished Creatures (others)
  A wolf (Lair:3)
  A ballistomycete spore (D:10)
  12 fungi
  33 plants
  7 toadstools (Lair:4)
54 creatures vanquished.

Grand Total: 417 creatures vanquished

Notes
Turn   | Place    | Note
-------+----------+-------------------------------------------
     0 | D:1      | freelancePsychic the Meteoran Wanderer began the quest for
                  | the Orb.
     0 | D:1      | freelancePsychic set off with the following items: a +2
                  | dagger, 2 curare-tipped darts, a +0 buckler, a scroll of
                  | fog, a +0 leather armour; and the following spells
                  | available to memorise: Poisonous Vapours, Static Discharge.
     0 | D:1      | Reached XP level 1. HP: 16/16 MP: 3/3
    87 | D:1      | Reached XP level 2. HP: 14/23 MP: 5/5
    93 | D:1      | Found Melunyf's Antique Armour Shop.
   102 | D:1      | Learned a level 2 spell: Poisonous Vapours
   205 | D:1      | Reached skill level 1 in Poison Magic
   354 | D:2      | Reached XP level 3. HP: 19/29 MP: 6/6
   538 | D:2      | Reached XP level 4. HP: 25/36 MP: 7/7
   743 | D:3      | Reached skill level 1 in Short Blades
   795 | D:3      | Reached XP level 5. HP: 42/42 MP: 3/8
   958 | D:4      | Noticed a black bear
   960 | D:4      | Found a staircase to the Ecumenical Temple.
   968 | D:4      | Noticed an ogre
   969 | Temple   | Entered the Ecumenical Temple
  1007 | Temple   | Became a worshipper of Fedhas Madash
  1078 | D:3      | Noticed Natasha
  1092 | D:3      | Killed Natasha
  1162 | D:4      | Reached XP level 6. HP: 50/50 MP: 4/9
  1180 | D:4      | Killed an ogre
  1204 | D:4      | Killed a black bear
  1205 | D:4      | Reached skill level 5 in Air Magic
  1205 | D:4      | Reached XP level 7. HP: 43/56 MP: 7/11
  1259 | D:4      | Reached skill level 1 in Invocations
  1355 | D:4      | Found an ancient bone altar of Kikubaaqudgha.
  1384 | D:5      | Entered Level 5 of the Dungeon
  1418 | D:5      | Reached skill level 5 in Poison Magic
  1418 | D:5      | Reached XP level 8. HP: 19/63 MP: 12/12
  1437 | D:5      | Identified the +6 scale mail of Sophism {Harm Regen+ Int+6}
  1471 | D:5      | Reached * piety under Fedhas
  1626 | D:5      | Learned a level 4 spell: Olgreb's Toxic Radiance
  1751 | D:5      | Reached skill level 1 in Armour
  2038 | D:7      | Gained mutation: You passively map the area around you.
                  | [Meteoran growth]
  2038 | D:7      | Reached XP level 9. HP: 68/70 MP: 12/14
  2070 | D:7      | Reached ** piety under Fedhas
  2211 | D:6      | Reached skill level 5 in Fighting
  2401 | D:1      | Bought a pair of runed boots for 187 gold pieces
  2681 | D:6      | Found a shimmering blue altar of Sif Muna.
  2757 | D:6      | Got Sif Muna's Secrets of the Mortuary
  2987 | D:7      | Found Ruliodir's Distillery.
  2995 | D:7      | Reached *** piety under Fedhas
  3181 | D:8      | Found a basalt altar of Yredelemnul.
  3193 | D:8      | Reached skill level 5 in Spellcasting
  3205 | D:8      | Reached XP level 10. HP: 44/83 MP: 5/18
  3255 | D:8      | Found a sacrificial altar of Ru.
  3281 | D:8      | Noticed Joseph
  3289 | D:8      | Killed Joseph
  3326 | D:8      | Noticed Grum
  3354 | D:8      | Killed Grum
  3355 | D:8      | Reached skill level 5 in Invocations
  3376 | D:8      | Reached skill level 5 in Short Blades
  3380 | D:9      | Found Kuhutuiq's Assorted Antiques.
  3386 | D:9      | Bought a scroll labelled FIAZUPU IDYOJU for 25 gold pieces
  3490 | D:9      | HP: 4/86 [something (28)]
  3621 | D:9      | Found an ornate altar of the Wu Jian Council.
  3696 | D:10     | Entered Level 10 of the Dungeon
  3719 | D:10     | Reached XP level 11. HP: 59/93 MP: 10/21
  3797 | D:10     | Reached **** piety under Fedhas
  3902 | D:10     | Found a staircase to the Orcish Mines.
  3973 | D:10     | Found a stormy altar of Qazlal.
  3975 | D:10     | Found a white marble altar of Elyvilon.
  3996 | D:10     | Noticed a cyclops
  4012 | D:10     | Killed a cyclops
  4013 | D:10     | Reached skill level 5 in Armour
  4107 | D:10     | Noticed Psyche
  4131 | D:10     | Killed Psyche
  4150 | D:10     | Found a runed translucent gate.
  4150 | D:10     | Found a runed translucent gate.
  4150 | D:10     | Found a runed translucent gate.
  4152 | D:10     | Identified the +6 plate armour "Socouxke" {+Blink rPois
                  | Str-5}
  4155 | D:10     | Noticed Jeffwins's ghost (journeyman HuWn)
  4248 | D:11     | Noticed a fire dragon
  4248 | D:11     | Found a staircase to the Lair.
  4264 | D:11     | Killed a fire dragon
  4338 | D:11     | Noticed a two-headed ogre
  4395 | D:11     | Killed a two-headed ogre
  4396 | D:11     | Reached XP level 12. HP: 58/104 MP: 5/22
  4408 | D:11     | Identified the +0 leather armour of a bailey {Rampage rC+
                  | Int+2}
  4503 | D:11     | Learned a level 3 spell: Ignite Poison
  4542 | Lair:1   | Entered Level 1 of the Lair of Beasts
  4562 | Lair:1   | Got the Folio of Molten Grit
  4628 | Lair:1   | Noticed a death yak
  4632 | Lair:1   | Noticed a death yak
  4637 | Lair:1   | Noticed a boulder beetle
  4638 | Lair:1   | Reached skill level 1 in Transmutations
  4638 | Lair:1   | Reached skill level 1 in Fire Magic
  4638 | Lair:1   | Reached skill level 10 in Poison Magic
  4638 | Lair:1   | Killed a death yak
  4642 | Lair:1   | Killed a death yak
  4647 | Lair:1   | Killed a boulder beetle
  4790 | Lair:2   | Found a staircase to the Snake Pit.
  4978 | Lair:2   | Reached skill level 5 in Transmutations
  4978 | Lair:2   | Reached skill level 5 in Fire Magic
  4990 | Lair:2   | Found a staircase to the Shoals.
  4995 | Lair:2   | Reached ***** piety under Fedhas
  5146 | Lair:2   | Reached skill level 10 in Fighting
  5146 | Lair:2   | Reached XP level 13. HP: 85/113 MP: 16/23
  5217 | Lair:3   | Identified the +8 dagger of the Shrinking Shark {spect,
                  | rElec rC++}
  5314 | Lair:3   | Noticed a five-headed hydra
  5325 | Lair:3   | Killed a five-headed hydra
  5490 | Lair:4   | Found a staircase to the Slime Pits.
  5693 | Lair:5   | Entered Level 5 of the Lair of Beasts
  5792 | Lair:5   | Reached skill level 10 in Invocations
  5813 | Lair:5   | Found a gate leading to a gauntlet.
  5819 | Gauntlet | Entered a Gauntlet
  5819 | Gauntlet | Found a transporter.
  5822 | Gauntlet | Found a transporter.
  5824 | Gauntlet | Found a transporter.
  5825 | Gauntlet | Found a transporter.
  5825 | Gauntlet | Noticed a hell hog
  5828 | Gauntlet | Found a transporter.
  5828 | Gauntlet | Noticed an anaconda
  5829 | Gauntlet | Found a transporter.
  5835 | Gauntlet | Noticed a boulder beetle
  5835 | Gauntlet | an anaconda changed into a boulder beetle
  5836 | Gauntlet | Noticed a catoblepas
  5837 | Gauntlet | Found a transporter.
  5837 | Gauntlet | Noticed an entropy weaver
  5837 | Gauntlet | a boulder beetle changed into an entropy weaver
  5839 | Gauntlet | Found a transporter.
  5857 | Gauntlet | Found a transporter.
  5872 | Gauntlet | Found a transporter.
  5876 | Gauntlet | Found a transporter.
  5884 | Gauntlet | Found a transporter.
  5905 | Gauntlet | Killed a hell hog
  5919 | Gauntlet | Noticed a seven-headed hydra
  5938 | Gauntlet | Identified the amulet "Galuq" {Rampage rF- Regen+ MP+9
                  | Int+2}
  5948 | Gauntlet | Killed a catoblepas
  5967 | Gauntlet | Found the +3 pair of gauntlets of War {Slay+5}
  5967 | Gauntlet | Noticed a minotaur
  5971 | Gauntlet | Killed a minotaur
  5972 | Gauntlet | Reached XP level 14. HP: 124/124 MP: 14/27
  5978 | Gauntlet | Got the Codex of Icy Transformation
  6018 | Lair:5   | Reached skill level 10 in Short Blades
  6028 | Lair:5   | Found a dark tunnel.
  6041 | Volcano  | Entered a volcano
  6124 | Volcano  | HP: 1/124 [hell knight/+2 scimitar of flaming (8)]
  6124 | Volcano  | Slain by a hell knight

Illustrated notes

Levels and vault maps discovered:
D:1:      lightli_arrival_noodles, layout_basic, serial_shops, shop,
          hangedman_decor_clover_reticule
D:2:      layout_rooms, serial_bayou_pond_b
D:3:      layout_basic, uniq_natasha
D:4:      layout_rooms, nicolae_overflow_crystal_walls, temple_fountains,
          minmay_quadrilaterals
D:5:      layout_basic
D:6:      layout_layer_cave, nzn_overflow_gifts_of_might_and_magic,
          slow_altar_1, nicolae_wooded_promenade, minmay_misc_feat_four_crosses
D:7:      layout_gridville, kennysheep_small_circle
D:8:      minmay_the_grid_triangle_9x9_rhombus_full
          [minmay_the_grid_triangle_9x9_from_above,
          minmay_the_grid_triangle_9x9_intruding_spiral,
          minmay_the_grid_triangle_9x9_dagger,
          minmay_the_grid_triangle_9x9_impossible_snake,
          minmay_the_grid_triangle_9x9_sprig,
          minmay_the_grid_triangle_9x9_alien,
          minmay_the_grid_triangle_9x9_descending_squares,
          minmay_the_grid_triangle_9x9_prize_top_heavy], layout_basic,
          nicolae_ru_path_of_blood, mainiacjoe_overflow_cross_hatched,
          fiery_altar_vehumet, nemelex_diamond_rough_becter, st_stairs_4,
          uniq_joseph, uniq_maggie, uniq_maurice, uniq_grum
D:9:      layout_basic, nicolae_wu_jian_wuxing_cycle, serial_shops,
          nicolae_stop_n_shop_2, feat_on_display
D:10:     layout_basic, chequers_temple_overflow_statue_of_worship,
          hiddenorc2_lemuel, biasface_ghost_orc_armoury, uniq_psyche
D:11:     layout_loops_ring, minmay_lair_entry_lava, wad_scary_box
Temple:   chequers_temple_sunken
Lair:1:   layout_regular_city, nicolae_lair_liquid_snakes
Lair:2:   layout_concentric_octagons, minmay_shoals_entry_centaurs,
          guppyfry_snake_entry_island
Lair:3:   layout_cellular_growth
Lair:4:   gammafunk_lair_enchanted_lake, layout_layer_cave, slime_entry_1,
          st_stairs_5
Lair:5:   evilmike_catoblepas_cave, layout_cave_pods, enter_volcano_3,
          gauntlet_entry_generic, chequers_serial_rivers_micro_c,
          nicolae_quartered_pool_impasse
Volcano:  volcano_pools

Skill      XL: |  1  2  3  4  5  6  7  8  9 10 11 12 13 14 |
---------------+-------------------------------------------+-----
Poison Magic   | 1 2 3 4 5 7 9 10 11 | 11.0
Air Magic      | 3 4 5 |  5.2
Fighting       | 2 3 4 6 7 9 10 11 | 11.3
Short Blades   | 1 2 3 6 8 9 10 | 10.0
Spellcasting   | 2 5 6 8 |  8.4
Invocations    | 1 2 5 8 10 | 10.4
Armour         | 2 3 6 7 |  7.2
Transmutations | 6 |  6.5
Fire Magic     | 6 7 8 |  8.1
Throwing       | |  2.4
Shields        | |  3.6
Evocations     | |  1.2

Action                   |  1- 3 |  4- 6 |  7- 9 | 10-12 | 13-15 || total
-------------------------+-------+-------+-------+-------+-------++-------
Melee: Dagger            |    85 |    64 |   389 |   306 |    83 ||   927
Throw: Dart              |     2 |     2 |     3 |     3 |       ||    10
 Cast: Poisonous Vapours |       |    16 |     8 |       |       ||    24
       Olgreb's Toxic Ra |       |       |    13 |    50 |    32 ||    95
       Ignite Poison     |       |       |       |    16 |    18 ||    34
Invok: Wall of Briars    |       |       |       |     6 |     1 ||     7
       Grow Ballistomyce |       |       |       |     5 |     3 ||     8
Evoke: Wand              |       |       |       |     2 |       ||     2
  Use: Scroll            |     6 |     7 |     6 |     6 |     2 ||    27
       Potion            |     1 |       |     1 |     3 |     8 ||    13
 Stab: Confused          |       |       |       |     2 |       ||     2
       Distracted        |       |       |       |       |     4 ||     4
Armor: Leather armour    |    21 |    13 |     2 |       |     2 ||    38
       Scale mail        |       |       |   184 |   199 |    75 ||   458
Dodge: Dodged            |    44 |    38 |   106 |    83 |    31 ||   302
Block: Buckler           |    31 |    21 |    79 |    74 |    29 ||   234

Table legend: (Time is in decaauts)
 A = Elapsed time spent in this place.
 B = Non-inter-level travel time spent in this place.
 C = Inter-level travel time spent in this place.
 D = Time resting spent in this place.
 E = Time spent auto-exploring this place.
 F = Levels seen in this place.
 G = Mean time per level.
                   A        B        C        D        E       F      G
               +--------+--------+--------+--------+--------+-----+--------+
         Total |   5997 |   5460 |    537 |      0 |     37 |  19 |  315.6 |
       Dungeon |   4394 |   3951 |    443 |      0 |     37 |  11 |  399.5 |
        Temple |     72 |     42 |     30 |      0 |      0 |   1 |   72.0 |
          Lair |   1281 |   1217 |     64 |      0 |      0 |   5 |  256.2 |
       Volcano |     80 |     80 |      0 |      0 |      0 |   1 |   80.0 |
      Gauntlet |    167 |    167 |      0 |      0 |      0 |   1 |  167.0 |
               +--------+--------+--------+--------+--------+-----+--------+

Top non-repeatable levels by time:
     D:5: 605 daAuts
    D:10: 491 daAuts
     D:6: 480 daAuts
     D:3: 458 daAuts
  Lair:2: 385 daAuts
     D:2: 373 daAuts
     D:7: 370 daAuts
     D:4: 356 daAuts
     D:1: 351 daAuts
     D:9: 331 daAuts
     D:8: 298 daAuts
  Lair:1: 288 daAuts
    D:11: 277 daAuts
  Lair:3: 244 daAuts
  Lair:4: 231 daAuts
